AoeStats
← BABO

Arabia

506705798Analyzed
3v3 RM · 19d ago on Sep 14, 2026· 52m 20s· 6 players
Game mode
Random Map
Map size
Normal (6 player)
Population
200
Speed
Normal
Resources
Standard
Victory
Conquest
Starting age
Dark Age
Ending age
Imperial Age
RankedLock teamsTeams togetherTeam positionsShared explorationLock speedFull tech treeHidden civsTurbo modeCheats
Victory
Defeat
🇺🇸 Spanish · United States
821
+19
🇪🇸 Sicilians · Spain
799
+19
🇲🇽 Britons · Mexico
799
+19
🇪🇸 Franks · Spain
946
-68
🇦🇷 Ethiopians · Argentina
841
-18
🇦🇷 Bohemians · Argentina
841
-18
WHIRLYBIRDER
10:14 Feudal Age
10:46 Double-Bit Axe
10:44 Horse Collar
11:41 Loom
16:01 Wheelbarrow
19:20 Castle Age
18:25 Stone Mining
22:04 Fletching
31:45 Heavy Plow
34:37 Hand Cart
34:03 Light Cavalry
34:57 Bloodlines
35:48 Bow Saw
36:31 Padded Archer Armor
36:28 Bodkin Arrow
36:55 Husbandry
37:38 Leather Archer Armor
39:19 Forging
39:14 Scale Barding Armor
41:48 Iron Casting
41:34 Chain Barding Armor
48:34 Imperial Age
49:06 Gold Mining
49:57 Stone Shaft Mining
48:45 Cavalier
50:30 Blast Furnace
50:06 Plate Barding Armor
50:38 Paladin
52:46 Conscription
juanmartincr90
2:46 Loom
10:55 Feudal Age
12:21 Wheelbarrow
11:32 Horse Collar
11:40 Double-Bit Axe
17:00 Town Watch
22:27 Castle Age
20:56 Fletching
21:06 Padded Archer Armor
21:31 Gold Mining
21:35 Stone Mining
23:24 Hand Cart
23:24 Bow Saw
24:50 Squires
24:10 Pikeman
26:19 Bodkin Arrow
27:36 Leather Archer Armor
31:52 Gold Shaft Mining
31:49 Ballistics
32:22 Town Patrol
32:48 Treadmill Crane
38:04 Imperial Age
36:55 Caravan
37:35 Masonry
40:17 Chemistry
39:23 Siege Engineers
40:00 Hoardings
40:34 Two-Man Saw
40:29 Conscription
40:54 Bracer
42:35 Elite Longbowman
43:19 Gambesons
44:40 Forging
44:30 Scale Mail Armor
45:58 Iron Casting
45:13 Arson
47:54 Coinage
48:28 Architecture
47:29 Halberdier
48:35 Chain Mail Armor
50:10 Blast Furnace
50:02 Yeomen
50:32 Plate Mail Armor
ramparrondo
12:49 Feudal Age
11:57 Loom
13:33 Horse Collar
13:40 Double-Bit Axe
26:46 Forging
30:40 Scale Mail Armor
34:27 Gold Mining
34:30 Stone Mining
35:20 Fletching
35:31 Padded Archer Armor
37:40 Castle Age
36:54 Wheelbarrow
36:05 Town Watch
41:24 Hand Cart
40:55 Town Watch
41:13 Heavy Plow
41:13 Crossbowman
41:48 Gambesons
42:04 Squires
41:50 Arson
43:39 Gold Shaft Mining
43:41 Stone Shaft Mining
42:45 Pikeman
44:06 Iron Casting
43:46 Chain Mail Armor
44:00 First Crusade
44:03 Murder Holes
44:30 Ballistics
44:49 Caravan
44:39 Crossbowman
45:56 Bodkin Arrow
49:58 Imperial Age
47:52 Town Patrol
48:39 Leather Archer Armor
51:04 Conscription
50:07 Halberdier
50:10 Arbalester
51:54 Blast Furnace
51:33 Crop Rotation
51:27 Bow Saw
52:58 Chemistry
52:48 Plate Mail Armor
CULISUELTO4
13:13 Feudal Age
18:20 Castle Age
26:24 Wagenburg Tactics
33:46 Wheelbarrow
37:59 Chemistry
37:21 Ballistics
41:03 Imperial Age
45:09 Hand Cart
44:19 Houfnice
50:41 Elite Hussite Wagon
BABO
11:21 Feudal Age
13:12 Wheelbarrow
12:25 Double-Bit Axe
13:48 Horse Collar
15:42 Fletching
15:53 Padded Archer Armor
20:44 Stone Mining
24:27 Castle Age
30:08 Forging
30:09 Scale Mail Armor
37:43 Hand Cart
38:01 Bow Saw
44:20 Royal Heirs
46:25 Stone Shaft Mining
48:00 Gold Mining
52:15 Imperial Age
49:14 Light Cavalry
51:05 Iron Casting
50:38 Scale Barding Armor
51:42 Husbandry
53:13 Chain Barding Armor
LUQUEEEETA2335
15:06 Feudal Age
21:51 Loom
45:48 Scale Barding Armor
51:04 Castle Age
49:38 Scale Barding Armor
Connection lost

Rejoining the realm…

Still unreachable

The connection could not be restored.

Session expired

The server has moved on; the page needs a fresh start.